 Dungeon Crawl Stone Soup version 0.24-a0-715-g0b739ee41d (webtiles) character file.

Game seed: 5960557671536216338, levelgen mode: deterministic

114 DasRunzen the Twirler (level 4, 0/38 HPs)
             Began as a Draconian Gladiator on Sept 30, 2019.
             Was an Initiate of Okawaru.
             Killed by divine providence
             ... invoked by an orc priest
              (12 damage)
             ... on level 3 of the Dungeon.
             The game lasted 00:05:28 (1785 turns).

DasRunzen the Twirler (Draconian Gladiator)         Turns: 1785, Time: 00:05:30

Health: 0/38       AC:  6    Str: 17    XL:     4   Next: 67%
Magic:  6/6        EV: 13    Int:  9    God:    Okawaru [......]
Gold:   70         SH:  0    Dex: 12    Spells: 6/6 levels left

rFire    . . .     SeeInvis .   a - +1 quarterstaff
rCold    . . .     Gourm    .   (shield currently unavailable)
rNeg     . . .     Faith    .   (armour unavailable)
rPois    .         Spirit   .   b - +0 hat
rElec    .         Reflect  .   o - +0 cloak
rCorr    .         Harm     .   (no gloves)
MR       .....                  (no boots)
Stlth    +.........             (no amulet)
HPRegen  0.12/turn              (no ring)
MPRegen  0.10/turn              (no ring)

@: no status effects
A: unfitting armour, cold-blooded, AC +5
a: Renounce Religion


You were on level 3 of the Dungeon.
You worshipped Okawaru.
Okawaru was noncommittal.
You were hungry.

You visited 1 branch of the dungeon, and saw 3 of its levels.

You collected 70 gold pieces.

Inventory:

Hand Weapons
 a - a +1 quarterstaff (weapon)
Missiles
 c - 4 throwing nets (quivered)
Armour
 b - a +0 hat (worn)
 o - a +0 cloak (worn)
Scrolls
 n - 3 scrolls of teleportation
Potions
 e - 2 potions of heal wounds
 f - 5 potions of lignification
 g - a potion of invisibility
 h - a potion of haste
 i - 2 potions of curing
 j - 3 potions of mutation {unknown}
 m - a potion of might {unknown}
Comestibles
 d - 7 rations


   Skills:
 + Level 3.2 Fighting
 + Level 3.7 Staves
 - Level 1.7 Throwing
 + Level 3.3 Dodging
 + Level 1.6 Spellcasting
 + Level 1.0 Invocations


You had 6 spell levels left.
You didn't know any spells.
Your spell library was empty.

Dungeon Overview and Level Annotations

Branches:
Dungeon (3/15)

Altars:
Gozag
Nemelex Xobeh
Okawaru


Innate Abilities, Weirdness & Mutations

Your plain brown scales are hard. (AC +5)
You cannot fit into any form of body armour.
You are cold-blooded and may be slowed by cold attacks.


Message History

You barely miss the orc.
You tail-slap the orc, but do no damage.
The orc hits you with a +1 mace of protection.
You hit the orc but do no damage.
You tail-slap the orc, but do no damage.
You hit the orc but do no damage. The orc barely misses you.
You barely miss the orc. The orc hits you but does no damage.
You hit the orc.
The orc is lightly wounded.
The orc hits you with a +1 mace of protection.
You closely miss the orc.
The orc is lightly wounded.
The orc barely misses you.
You closely miss the orc.
The orc priest invokes the aid of Beogh against you.
Beogh smites you!
The orc hits you with a +1 mace of protection.
The orc priest invokes the aid of Beogh against you.
Beogh smites you!
You die...

####.....#.#
..#.....#.##########
#######.###..##...........
.......o###..##...........
...).ooo......#...........
.......###o.#.#...........
.....o.+...(#.#...........
.......####o#.............
.......+.@#'##............
.......###oo..............
##+###. #oo..............
#. #................
#.......#########
#.......# ...###>## ####
#.# ####.#


You could see an orc priest and 3 orcs.

Vanquished Creatures
  Robin (D:2)
  An adder (D:2)
  3 gnolls (D:3)
  A worm (D:2)
  5 dart slugs
  2 leopard geckos (D:2)
  An orc (D:3)
  4 bats
  3 giant cockroaches
  8 goblins
  4 hobgoblins
  5 kobolds
  A quokka (D:2)
  A ball python (D:1)
  4 frilled lizards (D:2)
  10 rats
54 creatures vanquished.

Notes
Turn   | Place    | Note
-------+----------+-------------------------------------------
     0 | D:1      | DasRunzen the Draconian Gladiator began the quest for the
                  | Orb.
     0 | D:1      | Reached XP level 1. HP: 17/17 MP: 1/1
   215 | D:1      | Reached XP level 2. HP: 24/25 MP: 2/2
   575 | D:2      | Reached skill level 1 in Spellcasting
   575 | D:2      | Reached XP level 3. HP: 27/30 MP: 4/4
   647 | D:2      | Noticed Robin
   652 | D:2      | Killed Robin
   928 | D:2      | Found an iron altar of Okawaru.
   931 | D:2      | Became a worshipper of Warmaster Okawaru
   967 | D:2      | Reached XP level 4. HP: 34/38 MP: 6/6
  1271 | D:2      | Found a sparkling altar of Nemelex Xobeh.
  1271 | D:2      | Found an opulent altar of Gozag.
  1581 | D:3      | Reached skill level 1 in Invocations
  1785 | D:3      | Killed from afar by an orc priest

Levels and vault maps discovered:
D:1:      onia_arrival_handbag, layout_rooms
D:2:      layout_loops_ring, grunt_temple_overflow_opulence,
          okawaru_metal_pillars_1_2, first_ration, uniq_robin
D:3:      layout_basic

Skill      XL: |  1  2  3  4 |
---------------+-------------+-----
Dodging        | 3 |  3.3
Spellcasting   | 1 |  1.6
Fighting       | 3 |  3.2
Invocations    | 1 |  1.0
Staves         | |  3.7
Throwing       | |  1.7

Action                   |  1- 3 |  4- 6 || total
-------------------------+-------+-------++-------
Melee: Quarterstaff      |    82 |    44 ||   126
       Tailslap          |    12 |     4 ||    16
  Use: Scroll            |     5 |     7 ||    12
  Eat: Chunk             |       |     2 ||     2
Armor: Skin              |    20 |    26 ||    46
Dodge: Dodged            |    60 |    58 ||   118

Table legend:
 A = Non-vault XP
 B = Vault XP
 C = Vault XP percentage of total XP
 D = Non-vault monster count
 E = Vault monster count
 F = Vault count percentage of total count
                 A         B        C        D         E       F
            +---------+---------+-------+---------+---------+-------
      Total |     134 |      30 |  18.3 |      43 |      11 |  20.4
            +---------+---------+-------+---------+---------+-------
        D:1 |      28 |       4 |  12.5 |      12 |       4 |  25.0
        D:2 |      47 |      26 |  35.6 |      22 |       7 |  24.1
        D:3 |      59 |       0 |   0.0 |       9 |       0 |   0.0
            +---------+---------+-------+---------+---------+-------
